| TOP OF THE 1ST |
|
Corpus Christi Hooks batting - Pitching for Portland Sea Dogs : RHP Justin Swenson
|
|
Pitching: RHP Justin Swenson
|
|
|
Batting: LHB Glenn Lowther
|
0-0: Ball 1-0: Ball 2-0: SINGLE (Line Drive, 56D, EV 95.6 MPH)
|
|
Batting: LHB Jackson Trottier
|
0-0: Called Strike 0-1: Called Strike Glenn Lowther steals 2nd base 0-2: Ground out 6-3 (Groundball, 56, EV 101.2 MPH)
|
|
Batting: RHB Duncan Collins
|
0-0: Called Strike Glenn Lowther steals 3rd base 0-1: Ball 1-1: Foul Ball, location: 2F 1-2: Foul Ball, location: 2F 1-2: Ball 2-2: Fly out, F8 (Flyball, 8LD, EV 95.0 MPH) Runner from 3rd tags up, SCORES, throw by CF
|
|
Batting: LHB Bob Dietz
|
0-0: Fly out, F8 (Flyball, 89D, EV 79.4 MPH)
|
| Top of the 1st over - 1 run, 1 hit, 0 errors, 0 left on base; Corpus Christi 1 - Portland 0 |
| BOTTOM OF THE 1ST |
|
Portland Sea Dogs batting - Pitching for Corpus Christi Hooks : RHP Willie Jimenez
|
|
Pitching: RHP Willie Jimenez
|
|
|
Batting: RHB Jim Hubbard
|
0-0: Called Strike 0-1: Swinging Strike 0-2: Strikes out swinging, 2-3 out at first.
|
|
Batting: RHB Larry Brocato
|
0-0: Fly out, F8 (Flyball, 89D, EV 105.6 MPH)
|
|
Batting: RHB Tony Nunez
|
0-0: Ball 1-0: Fly out, F8 (Flyball, 8LD, EV 103.1 MPH)
|
| Bottom of the 1st over - 0 runs, 0 hits, 0 errors, 0 left on base; Corpus Christi 1 - Portland 0 |
| TOP OF THE 2ND |
|
Corpus Christi Hooks batting - Pitching for Portland Sea Dogs : RHP Justin Swenson
|
|
Batting: RHB Xavier Castaneda
|
0-0: Foul Ball, location: 2F 0-1: Ball 1-1: Ball 2-1: Ball 3-1: Foul Ball, location: 2F 3-2: Base on Balls
|
|
Batting: RHB Pat McCoy
|
0-0: Called Strike Xavier Castaneda steals 2nd base 0-1: Ball 1-1: Called Strike 1-2: Ground out 4-3 (Groundball, 34, EV 103.1 MPH) Xavier Castaneda to third
|
|
Batting: RHB Alex Campos
|
0-0: Called Strike 0-1: Ground out 5-3 (Groundball, 56, EV 91.9 MPH) Xavier Castaneda scores
|
|
Batting: RHB Kieron Clark
|
0-0: Ball 1-0: Ball 2-0: Swinging Strike 2-1: Swinging Strike 2-2: Foul Ball, location: 2F 2-2: Ball 3-2: Strikes out swinging
|
| Top of the 2nd over - 1 run, 0 hits, 0 errors, 0 left on base; Corpus Christi 2 - Portland 0 |
| BOTTOM OF THE 2ND |
|
Portland Sea Dogs batting - Pitching for Corpus Christi Hooks : RHP Willie Jimenez
|
|
Batting: RHB Ernie Genier
|
0-0: Ball 1-0: Ball 2-0: Called Strike 2-1: Swinging Strike 2-2: SINGLE (Groundball, 3D, EV 100.6 MPH)
|
|
Batting: RHB Mike Batko
|
0-0: Foul Ball, location: 2F 0-1: Called Strike 0-2: Ball 1-2: Strikes out swinging
|
|
Batting: RHB Miguel Villanueva
|
0-0: Ball 1-0: Ball 2-0: Swinging Strike 2-1: Ball 3-1: Base on Balls Ernie Genier to second
|
|
Batting: RHB Zi-jing Wang
|
0-0: Ball 1-0: Ball 2-0: Called Strike 2-1: Foul Ball, location: 2F 2-2: Fly out, F8 (Flyball, 8RXD, EV 94.4 MPH) Runner from 2nd tags up, SAFE at 3rd, no throw by CF
|
|
Batting: RHB Frank Sokolosky
|
0-0: Called Strike 0-1: Fly out, F9 (Flyball, 89D, EV 95.6 MPH)
|
| Bottom of the 2nd over - 0 runs, 1 hit, 0 errors, 2 left on base; Corpus Christi 2 - Portland 0 |
| TOP OF THE 3RD |
|
Corpus Christi Hooks batting - Pitching for Portland Sea Dogs : RHP Justin Swenson
|
|
Batting: RHB Andrew Pride
|
0-0: Called Strike 0-1: Ball 1-1: Ball 2-1: Foul Ball, location: 2F 2-2: Strikes out swinging
|
|
Batting: LHB Glenn Lowther
|
0-0: Ball 1-0: Swinging Strike 1-1: Foul Ball, location: 2F 1-2: Ball 2-2: Strikes out swinging
|
|
Batting: LHB Jackson Trottier
|
0-0: Ball 1-0: Called Strike 1-1: Ball 2-1: Ball 3-1: Called Strike 3-2: Ground out 6-3 (Groundball, 6S, EV 83.1 MPH)
|
| Top of the 3rd over - 0 runs, 0 hits, 0 errors, 0 left on base; Corpus Christi 2 - Portland 0 |
| BOTTOM OF THE 3RD |
|
Portland Sea Dogs batting - Pitching for Corpus Christi Hooks : RHP Willie Jimenez
|
|
Batting: RHB Raul Sanchez
|
0-0: Fly out, F8 (Flyball, BS3, EV 93.8 MPH)
|
|
Batting: RHB Jim Hubbard
|
0-0: Ground out U3 (Groundball, 34, EV 88.1 MPH)
|
|
Batting: RHB Larry Brocato
|
0-0: Foul Ball, location: 2F 0-1: Foul Ball, location: 2F 0-2: Ball 1-2: Strikes out swinging
|
| Bottom of the 3rd over - 0 runs, 0 hits, 0 errors, 0 left on base; Corpus Christi 2 - Portland 0 |
| TOP OF THE 4TH |
|
Corpus Christi Hooks batting - Pitching for Portland Sea Dogs : RHP Justin Swenson
|
|
Batting: RHB Duncan Collins
|
0-0: Ball 1-0: Fly out, F6 (Popup, 4S, EV 82.5 MPH)
|
|
Batting: LHB Bob Dietz
|
0-0: Called Strike 0-1: Swinging Strike 0-2: Ground out 4-3 (Groundball, 4M, EV 91.9 MPH)
|
|
Batting: RHB Xavier Castaneda
|
0-0: Called Strike 0-1: Foul Ball, location: 2F 0-2: Ball 1-2: Ground out 5-3 (Groundball, 15, EV 81.2 MPH)
|
| Top of the 4th over - 0 runs, 0 hits, 0 errors, 0 left on base; Corpus Christi 2 - Portland 0 |
| BOTTOM OF THE 4TH |
|
Portland Sea Dogs batting - Pitching for Corpus Christi Hooks : RHP Willie Jimenez
|
|
Batting: RHB Tony Nunez
|
0-0: Ball 1-0: Fly out, F9 (Flyball, 9LM, EV 92.5 MPH)
|
|
Batting: RHB Ernie Genier
|
0-0: Called Strike 0-1: Foul Ball, location: 2F 0-2: Ball 1-2: Ball 2-2: Foul Ball, location: 2F 2-2: Fly out, F8 (Flyball, 89M, EV 87.5 MPH)
|
|
Batting: RHB Mike Batko
|
0-0: Called Strike 0-1: Foul Ball, location: 2F 0-2: Fly out, F5 (Line Drive, 5, EV 65.0 MPH)
|
| Bottom of the 4th over - 0 runs, 0 hits, 0 errors, 0 left on base; Corpus Christi 2 - Portland 0 |
| TOP OF THE 5TH |
|
Corpus Christi Hooks batting - Pitching for Portland Sea Dogs : RHP Justin Swenson
|
|
Batting: RHB Pat McCoy
|
0-0: Foul Ball, location: 2F 0-1: Swinging Strike 0-2: Reached on error, E6 (Groundball, 56D, EV 91.9 MPH)
|
|
Batting: RHB Alex Campos
|
0-0: Foul Ball, location: 2F 0-1: Ball 1-1: Ball 2-1: Called Strike 2-2: Foul Ball, location: 2F 2-2: Strikes out swinging
|
|
Batting: RHB Kieron Clark
|
0-0: Called Strike 0-1: Ball 1-1: Ball 2-1: Called Strike 2-2: Ball 3-2: Fly out, F7 (Flyball, 7, EV 94.4 MPH)
|
|
Batting: RHB Andrew Pride
|
0-0: Ball 1-0: Ball 2-0: Called Strike 2-1: Ball 3-1: Base on Balls
|
|
Batting: LHB Glenn Lowther
|
0-0: Ball 1-0: Fly out, F1 (Line Drive, P, EV 71.2 MPH)
|
| Top of the 5th over - 0 runs, 0 hits, 1 error, 2 left on base; Corpus Christi 2 - Portland 0 |
| BOTTOM OF THE 5TH |
|
Portland Sea Dogs batting - Pitching for Corpus Christi Hooks : RHP Willie Jimenez
|
|
Batting: RHB Miguel Villanueva
|
0-0: Ball 1-0: Ball 2-0: Ball 3-0: Called Strike 3-1: Base on Balls
|
|
Batting: RHB Zi-jing Wang
|
0-0: Ball 1-0: Ball 2-0: Ball 3-0: Called Strike 3-1: Reached on error, E1 (Groundball, 13S, EV 67.5 MPH) Miguel Villanueva to second
|
|
Batting: RHB Frank Sokolosky
|
0-0: Ball 1-0: Called Strike 1-1: Ball 2-1: Grounds into double play, 4-6-3 (Groundball, 4, EV 88.1 MPH) Miguel Villanueva to third
|
|
Batting: RHB Raul Sanchez
|
0-0: Called Strike 0-1: Swinging Strike 0-2: Strikes out swinging
|
| Bottom of the 5th over - 0 runs, 0 hits, 1 error, 1 left on base; Corpus Christi 2 - Portland 0 |
| TOP OF THE 6TH |
|
Corpus Christi Hooks batting - Pitching for Portland Sea Dogs : RHP Justin Swenson
|
|
Batting: LHB Jackson Trottier
|
0-0: Called Strike 0-1: Ball 1-1: Ball 2-1: Fly out, F7 (Flyball, 7, EV 90.6 MPH)
|
|
Batting: RHB Duncan Collins
|
0-0: Ground out 6-3 (Groundball, 6, EV 105.6 MPH)
|
|
Batting: LHB Bob Dietz
|
0-0: Ball 1-0: Ball 2-0: Ball 3-0: Called Strike 3-1: Foul Ball, location: 2F 3-2: Foul Ball, location: 2F 3-2: Ground out 6-3 (Groundball, 6, EV 94.4 MPH)
|
| Top of the 6th over - 0 runs, 0 hits, 0 errors, 0 left on base; Corpus Christi 2 - Portland 0 |
| BOTTOM OF THE 6TH |
|
Portland Sea Dogs batting - Pitching for Corpus Christi Hooks : RHP Willie Jimenez
|
|
Batting: RHB Jim Hubbard
|
0-0: Ball 1-0: Ground out 5-3 (Groundball, 56, EV 93.1 MPH)
|
|
Batting: RHB Larry Brocato
|
0-0: SINGLE (Groundball, 6D, EV 100.6 MPH)
|
|
Batting: RHB Tony Nunez
|
0-0: Ball 1-0: Ball 2-0: Foul Ball, location: 2F 2-1: Foul Ball, location: 2F 2-2: Ball 3-2: SINGLE (Groundball, 34, EV 87.5 MPH) (infield hit) Larry Brocato to second
|
|
Batting: RHB Ernie Genier
|
0-0: Called Strike 0-1: Ball 1-1: Ball 2-1: SINGLE (Groundball, 56D, EV 97.5 MPH) Larry Brocato to third Tony Nunez to second Runner from 3rd tries for Home, SAFE, throw by LF to home
|
|
Batting: RHB Mike Batko
|
0-0: Fly out, F9 (Line Drive, 9, EV 95.6 MPH)
|
|
Pinch Hitting: LHB Sergio Tinoco
|
0-0: Ground out 3-1 (Groundball, 13, EV 84.4 MPH)
|
| Bottom of the 6th over - 1 run, 3 hits, 0 errors, 2 left on base; Corpus Christi 2 - Portland 1 |
| TOP OF THE 7TH |
|
Corpus Christi Hooks batting - Pitching for Portland Sea Dogs : RHP Justin Swenson
|
|
Pitching: RHP Joseph Anderson
|
|
|
Now in RF: Sergio Tinoco
|
|
|
Batting: RHB Xavier Castaneda
|
0-0: Ball 1-0: Foul Ball, location: 2F 1-1: Ball 2-1: Foul Ball, location: 2F 2-2: Ball 3-2: Ground out 6-3 (Groundball, 6M, EV 106.9 MPH)
|
|
Batting: RHB Pat McCoy
|
0-0: Ball 1-0: Foul Ball, location: 2F 1-1: Called Strike 1-2: SOLO HOME RUN (Flyball, 7LD, EV 95.0 MPH), Distance : 367 ft
|
|
Batting: RHB Alex Campos
|
0-0: Ball 1-0: Ball 2-0: Ground out 5-3 (Groundball, 56S, EV 70.0 MPH)
|
|
Batting: RHB Kieron Clark
|
0-0: Foul Ball, location: 2F 0-1: Ball 1-1: Hit by Pitch
|
|
Batting: RHB Andrew Pride
|
0-0: Ball 1-0: Foul Ball, location: 2F 1-1: Swinging Strike 1-2: Ground out 1-3 (Groundball, 13S, EV 70.0 MPH)
|
| Top of the 7th over - 1 run, 1 hit, 0 errors, 1 left on base; Corpus Christi 3 - Portland 1 |
| BOTTOM OF THE 7TH |
|
Portland Sea Dogs batting - Pitching for Corpus Christi Hooks : RHP Willie Jimenez
|
|
Batting: RHB Zi-jing Wang
|
0-0: Ball 1-0: Ball 2-0: Foul Ball, location: 2F 2-1: DOUBLE (Groundball, 5L, EV 104.4 MPH)
|
|
Pinch Hitting: LHB Parker Lowe
|
0-0: Called Strike 0-1: Ball 1-1: Called Strike 1-2: Ball 2-2: Ball 3-2: Foul Ball, location: 2F 3-2: Base on Balls
|
|
Batting: RHB Raul Sanchez
|
0-0: Called Strike 0-1: SINGLE (Groundball, 6MD, EV 96.2 MPH) Zi-jing Wang to third Parker Lowe to second Runner from 3rd tries for Home, SAFE, throw by CF to home
|
|
Pinch Runner at 2nd Julian Toney:
|
|
|
Batting: RHB Jim Hubbard
|
0-0: Sac Bunt to P - play at first, batter OUT! 1-4 Julian Toney to third Raul Sanchez to second
|
|
Batting: RHB Larry Brocato
|
0-0: Ground out 6-3 (Groundball, 6S, EV 66.2 MPH)
|
|
Batting: RHB Tony Nunez
|
0-0: Foul Ball, location: 2F 0-1: Called Strike 0-2: Ball 1-2: Ball 2-2: Ball 3-2: Fly out, F4 (Popup, 4, EV 58.8 MPH)
|
| Bottom of the 7th over - 1 run, 2 hits, 0 errors, 2 left on base; Corpus Christi 3 - Portland 2 |
| TOP OF THE 8TH |
|
Corpus Christi Hooks batting - Pitching for Portland Sea Dogs : RHP Joseph Anderson
|
|
Pitching: RHP Elliot Monroe
|
|
|
Now at SS: Gus Cruz
|
|
|
Batting: LHB Glenn Lowther
|
0-0: Called Strike 0-1: Foul Ball, location: 2F 0-2: Foul Ball, location: 2F 0-2: Foul Ball, location: 2F 0-2: Ball 1-2: Fly out, F8 (Flyball, 78S, EV 90.6 MPH)
|
|
Batting: LHB Jackson Trottier
|
0-0: Ground out 4-3 (Groundball, 4, EV 85.6 MPH)
|
|
Batting: RHB Duncan Collins
|
0-0: Ball 1-0: Foul Ball, location: 2F 1-1: Ground out 6-3 (Groundball, 56D, EV 86.2 MPH)
|
| Top of the 8th over - 0 runs, 0 hits, 0 errors, 0 left on base; Corpus Christi 3 - Portland 2 |
| BOTTOM OF THE 8TH |
|
Portland Sea Dogs batting - Pitching for Corpus Christi Hooks : RHP Willie Jimenez
|
|
Pitching: LHP T.J. Westover
|
|
|
Batting: RHB Ernie Genier
|
0-0: Called Strike 0-1: Foul Ball, location: 2F 0-2: Strikes out swinging
|
|
Batting: RHB Mike Batko
|
0-0: Ball 1-0: Foul Ball, location: 2F 1-1: SINGLE (Groundball, 6MD, EV 110.6 MPH)
|
|
Pinch Hitting: RHB Sal Rivera
|
0-0: Ball 1-0: Ball 2-0: Ball 3-0: Base on Balls Mike Batko to second
|
|
Pinch Runner at 2nd Dave Reyes:
|
|
|
Batting: RHB Zi-jing Wang
|
0-0: Ball 1-0: Ball 2-0: Called Strike 2-1: Ball 3-1: Base on Balls Dave Reyes to third Sal Rivera to second
|
|
Pinch Hitting: RHB Mike Cavagnaro
|
0-0: Ball 1-0: Ball 2-0: Fly out, F8 (Flyball, 8LD, EV 105.6 MPH)
|
|
Batting: RHB Raul Sanchez
|
0-0: Ball 1-0: Called Strike 1-1: Swinging Strike 1-2: Ball 2-2: Foul Ball, location: 2F 2-2: SINGLE (Line Drive, 4M, EV 98.8 MPH) Dave Reyes scores Sal Rivera to third Zi-jing Wang to second Runner from 3rd tries for Home, SAFE, throw by CF to home
|
|
Batting: RHB Jim Hubbard
|
0-0: Ball 1-0: Called Strike 1-1: Foul Ball, location: 2F 1-2: Ball 2-2: Strikes out looking
|
| Bottom of the 8th over - 2 runs, 2 hits, 0 errors, 2 left on base; Corpus Christi 3 - Portland 4 |
| TOP OF THE 9TH |
|
Corpus Christi Hooks batting - Pitching for Portland Sea Dogs : RHP Elliot Monroe
|
|
Pitching: RHP Cody Humphries
|
|
|
Now at 1B: Dave Reyes
|
|
|
Now at 3B: Travis Campbell
|
|
|
Now at SS: Tony Nunez
|
|
|
Now in RF: Sal Rivera
|
|
|
Batting: LHB Bob Dietz
|
0-0: Called Strike 0-1: Foul Ball, location: 2F 0-2: Foul Ball, location: 2F 0-2: Ball 1-2: Foul Ball, location: 2F 1-2: Ball 2-2: Strikes out swinging, 2-3 out at first.
|
|
Batting: RHB Xavier Castaneda
|
0-0: Called Strike 0-1: Ball 1-1: Fly out, F8 (Flyball, 8LXD, EV 80.0 MPH)
|
|
Batting: RHB Pat McCoy
|
0-0: Called Strike 0-1: SINGLE (Groundball, 4M, EV 91.2 MPH) (infield hit)
|
|
Batting: RHB Alex Campos
|
0-0: Swinging Strike 0-1: Ball 1-1: Foul Ball, location: 2F 1-2: Strikes out swinging
|
| Top of the 9th over - 0 runs, 1 hit, 0 errors, 1 left on base; Corpus Christi 3 - Portland 4 |
|